 Dungeon Crawl Stone Soup version 0.20.1-1-g8b1a95d (webtiles) character file.

80 vineage the Shield-Bearer (level 4, -1/28 HPs)
             Began as a Gargoyle Fighter on Oct 7, 2017.
             Slain by a gnoll
             ... wielding a cursed -1 halberd
              (3 damage)
             ... on level 2 of the Dungeon.
             The game lasted 00:01:32 (997 turns).

vineage the Shield-Bearer (Gargoyle Fighter)         Turns: 997, Time: 00:01:32

Health: -1/28      AC: 10    Str: 20    XL:     4   Next: 39%
Magic:  4/4        EV:  7    Int:  9    God:
Gold:   68         SH:  9    Dex:  9    Spells: 3/3 levels left

rFire    . . .     SeeInvis .   a - +0 long sword
rCold    . . .     Gourm    .   c - +0 shield
rNeg     + . .     Faith    .   b - +0 scale mail
rPois    ∞         Spirit   .   (no helmet)
rElec    +         Reflect  .   (no cloak)
rCorr    .         Harm     .   (no gloves)
MR       .....                  (no boots)
Stlth    ..........             (no amulet)
Regen    0.1/turn               (no ring)
MPRegen  0.1/turn               (no ring)

@: no status effects
A: negative energy resistance 1, electricity resistance, unbreathing,
petrification resistance, rot immunity, AC +3
a: no special abilities


You were on level 2 of the Dungeon.
You were hungry.

You visited 1 branch of the dungeon, and saw 2 of its levels.

You collected 68 gold pieces.

Inventory:

Hand Weapons
 a - a +0 long sword (weapon)
Armour
 b - a +0 scale mail (worn)
 c - a +0 shield (worn)
Jewellery
 r - an uncursed ring of protection from magic {unknown}
Scrolls
 e - 3 scrolls of identify {unknown}
 i - a scroll of noise {unknown}
 j - a scroll of teleportation {unknown}
 l - a scroll of blinking {unknown}
 n - 3 scrolls of enchant weapon {unknown}
 o - a scroll of random uselessness {unknown}
 q - a scroll of remove curse {unknown}
Potions
 d - a potion of might
 h - a potion of curing {unknown}
 k - a potion of resistance {unknown}
 p - a potion of degeneration {unknown}
 s - a potion of cancellation {unknown}
 t - a potion of agility {unknown}
Comestibles
 f - a bread ration
 g - 2 meat rations
 m - a royal jelly


   Skills:
 + Level 3.5 Fighting
 + Level 2.5 Long Blades
 + Level 4.1 Armour
 + Level 4.1 Shields


You had 3 spell levels left.
You didn't know any spells.

Dungeon Overview and Level Annotations

Branches:
Dungeon (2/15)

Altars:


Innate Abilities, Weirdness & Mutations

You are resistant to torment.
Your stone body is resilient. (AC +3)
You are immune to poison.
You resist negative energy. (rN+)
You are resistant to electric shocks. (rElec)
You can survive without breathing.
You are immune to petrification.
You are immune to rotting.


Message History

The gnoll hits you with an enchanted halberd.
* * * LOW HITPOINT WARNING * * *
You hit the gnoll.
The gnoll is moderately wounded.
You block the gnoll's attack.
You hit the gnoll.
The gnoll is severely wounded.
You block the gnoll's attack.
Okay, then.
You closely miss the gnoll.
The gnoll is severely wounded.
The gnoll hits you but does no damage.
You barely miss the gnoll.
The gnoll is severely wounded.
The gnoll barely misses you.
You riposte.
You closely miss the gnoll.
The gnoll is severely wounded.
You hit the gnoll.
The gnoll is almost dead.
The gnoll hits you with an enchanted halberd.
You die...

#.##.....###. ##
#............ #..
####..)..#### #.#
##...##... #.# ##.###.##
#.# ##.###.# #.#
#####...##.#
#.####.#####.#.....#....#
#.......)@g..#.###...####
######.#######.####.## #.#
####.#.###.#
#.###.#.###.##.##
#######.##...## ##....#
#...........#.###.#.#.#
#.#####.##.#.#.#.##.#.#####
# #....###.###.###....#...
#.##.#### ### #..........##


You could see a gnoll.

Vanquished Creatures
  4 gnolls (D:2)
  3 dart slugs (D:1)
  2 bats (D:1)
  A giant cockroach (D:1)
  7 hobgoblins
  6 jackals
  A ball python (D:1)
  5 kobolds (D:1)
  6 rats
35 creatures vanquished.

Notes
Turn   | Place    | Note
-------+----------+-------------------------------------------
     0 | D:1      | vineage the Gargoyle Fighter began the quest for the Orb.
     0 | D:1      | Reached XP level 1. HP: 14/14 MP: 1/1
    85 | D:1      | Reached XP level 2. HP: 19/19 MP: 2/2
   328 | D:1      | Reached XP level 3. HP: 23/23 MP: 3/3
   978 | D:2      | Reached XP level 4. HP: 21/28 MP: 4/4
   992 | D:2      | HP: 1/28 [gnoll/enchanted halberd (6)]
   997 | D:2      | Slain by a gnoll

Skill      XL: |  1  2  3  4 |
---------------+-------------+-----
Long Blades    | 2 |  2.5
Shields        | 4 |  4.1
Armour         | 4 |  4.1
Fighting       | |  3.5

Action                   |  1- 3 |  4- 6 || total
-------------------------+-------+-------++-------
Melee: Long sword        |   109 |    18 ||   127
Armor: Scale mail        |    56 |     4 ||    60
Dodge: Dodged            |    33 |     5 ||    38
Block: Shield            |    50 |    12 ||    62
       Rpst.: Long sword |    14 |     1 ||    15
